 Dungeon Crawl Stone Soup version 0.32-a0-630-g46d191b0ed (webtiles) character file.

Game seed: 2695954269449982360

567 Strat the Trooper (level 7, -4/78 HPs)
             Began as an Oni Hedge Wizard on Mar 6, 2024.
             Slain by a sun demon (17 damage)
             ... summoned by a kobold demonologist
             ... on level 5 of the Dungeon.
             The game lasted 00:10:26 (4532 turns).

Strat the Trooper (Oni Hedge Wizard)                Turns: 4532, Time: 00:10:27

Health: -4/78      AC:  4    Str: 17    XL:     7   Next: 33%
Magic:  4/13       EV: 14    Int: 15    God:
Gold:   156        SH:  0    Dex:  8    Spells: 6/14 levels left

rFire   . . .        a - +2 spear (flame)
rCold   . . .        (no shield)
rNeg    . . .        b - +0 robe
rPois   +            c - +1 hat
rElec   .            (no cloak)
rCorr   .            (gloves unavailable)
SInv    .            (boots unavailable)
Will    .....        (no amulet)
Stlth   +            l - ring of poison resistance
HPRegen 0.33/turn    n - +5 ring of evasion
MPRegen 0.13/turn

%: no passive effects
@: very slightly contaminated
A: large, unfitting armour, horns 1, tough skin 1, double potion healing,
drunken brawling
a: no special abilities


You were on level 5 of the Dungeon.
You visited 1 branch of the dungeon, and saw 5 of its levels.

You collected 189 gold pieces.
You spent 33 gold pieces at shops.

Inventory:

Hand Weapons
 a - a +2 spear of flaming (weapon)
 e - a +0 short sword
 m - a +0 dagger
 u - a +0 trident
Missiles
 h - 2 poisoned darts
Armour
 b - a +0 robe (worn)
 c - a +1 hat (worn)
Jewellery
 l - a ring of poison resistance (left hand)
 n - a +5 ring of evasion (right hand)
Wands
 s - a wand of paralysis (2)
 x - a wand of digging (2)
Scrolls
 g - 2 scrolls of teleportation
 j - a scroll of poison
 z - a scroll of identify
Potions
 d - a potion of magic
 f - a potion of might
 i - 5 potions of heal wounds
 k - a potion of resistance {unknown}
 o - 4 potions of curing
 q - a potion of mutation


   Skills:
 - Level 7.0 Fighting
 + Level 4.8 Polearms
 - Level 1.7 Dodging
 - Level 1.4 Stealth
 + Level 4.0 Spellcasting
 - Level 0.8 Conjurations
 - Level 0.8 Summonings
 - Level 0.8 Translocations


You had 6 spell levels left.
You knew the following spells:

 Your Spells              Type           Power      Damage    Failure   Level
a - Magic Dart            Conj           20%        1d4       13%         1
b - Blink                 Tloc           10%        N/A       19%         2
c - Call Imp              Summ           10%        N/A       19%         2
d - Mephitic Cloud        Conj/Alch/Air  3%         N/A       43%         3

Your spell library contained the following spells:

 Spells                   Type           Power      Damage    Failure   Level
 Slow                     Hex            12%        N/A       19%         1
 Cigotuvi's Dreadful Rot  Necr/Alch/Air  6%         N/A       26%         2
 Dazzling Flash           Conj/Hex       8%         N/A       41%         3
 Inner Flame              Hex/Fire       3%         N/A       47%         3
 Curse of Agony           Necr           3%         N/A       99%         5
 Irradiate                Conj/Alch      2%         3d12      99%         5
 Silence                  Hex/Air        1%         N/A       99%         5
 Ignition                 Fire           1%         3d3       100%        8


Dungeon Overview and Level Annotations

Branches:
Dungeon (5/15)
 Temple: D:4-7

Altars:
Cheibriados
Fedhas
Okawaru
Trog

Shops:
D:1 :   D:4 !

Annotations:
D:3 Ijyb


Innate Abilities, Weirdness & Mutations

You are too large for most types of armour.
You have a pair of small horns on your head.
You have tough skin. (AC +1)
You gain doubled healing and magic from potions.
Whenever you drink a healing potion, you attack all around you.


Message History

Aim: a kobold demonologist, wielding a +0 dagger and wearing a +0 robe (chance to affect: 72%)
You miscast Mephitic Cloud.
You are very lightly contaminated with residual magic.
Sparks fly from your hands!
The kobold demonologist mumbles some strange words.
Casting: Mephitic Cloud (dangerous; 43% risk of failure)
Confirm with . or Enter, or press ? or * to list all spells.
Aiming: Mephitic Cloud (dangerous; 43% risk of failure)
Press: ? - help, Shift-Dir - straight line, f/p - kobold demonologist
Aim: a kobold demonologist, wielding a +0 dagger and wearing a +0 robe (chance to affect: 72%)
The ball explodes into a vile cloud!
The stinking cloud engulfs the kobold demonologist.
The kobold demonologist is engulfed in noxious fumes.
The kobold demonologist appears confused.
Casting: Mephitic Cloud (dangerous; 43% risk of failure)
Confirm with . or Enter, or press ? or * to list all spells.
Aiming: Mephitic Cloud (dangerous; 43% risk of failure)
Press: ? - help, Shift-Dir - straight line, f/p - kobold demonologist
Aim: a kobold demonologist, wielding a +0 dagger and wearing a +0 robe (confused, chance to affect: 72%)
You miscast Mephitic Cloud.
Nothing appears to happen.
The kobold demonologist misses the sun demon.
Unknown command.
Aiming: Paralyse
Press: ? - help, Shift-Dir - straight line, f/p - kobold demonologist
Aim: a kobold demonologist, wielding a +0 dagger and wearing a +0 robe (confused, chance to affect: 31%)
The kobold demonologist easily resists.
Unknown command.
Aiming: Paralyse
Press: ? - help, Shift-Dir - straight line, f/p - kobold demonologist
Aim: a kobold demonologist, wielding a +0 dagger and wearing a +0 robe (confused, chance to affect: 31%)
The kobold demonologist suddenly stops moving!
Unknown command.
The sun demon hits you!
* * * LOW HITPOINT WARNING * * *
You are engulfed in flames!
* * * LOW HITPOINT WARNING * * *
The sun demon hits you!!
* * * LOW HITPOINT WARNING * * *
You are engulfed in flames!
You die...

..... ....## .....#
......## ..
......##......#.. ....
......§○......... ....
......☼.........# ....#
...........<....#. .....
......K........... #..
##.@3.......# ## ##
.##...........# ##.##.
...........#...###.....
............#.#.........
........................
.>....#.>#....##........
...?..#..#....###.......
...............##......#
...###.####....#......#


You could see a sun demon (summoned) and a kobold demonologist (paralysed,
confused).

Vanquished Creatures
  A scorpion (D:4)
  2 jellies
  5 hounds
  2 orc wizards (D:3)
  A gnoll (D:4)
  2 ufetubi (D:5)
  5 dart slugs
  24 orcs
  4 bats
  7 endoplasms
  A giant cockroach (D:1)
  4 goblins
  3 hobgoblins
  10 jackals
  4 quokkas
  8 ball pythons
  4 frilled lizards
  2 kobolds
  2 rats (D:2)
91 creatures vanquished.

Vanquished Creatures (collateral kills)
  A scorpion (D:4)
  3 adders
  2 ribbon worms (D:3)
  2 hobgoblins
  A rat (D:2)
9 creatures vanquished.

Grand Total: 100 creatures vanquished

Notes
Turn   | Place    | Note
-------+----------+-------------------------------------------
     0 | D:1      | Strat the Oni Hedge Wizard began the quest for the Orb.
     0 | D:1      | Reached XP level 1. HP: 16/16 MP: 5/5
    40 | D:1      | Reached skill level 1 in Fighting
   146 | D:1      | Reached skill level 2 in Fighting
   146 | D:1      | Reached XP level 2. HP: 28/28 MP: 4/6
   150 | D:1      | Learned a level 2 spell: Blink
   153 | D:1      | Learned a level 2 spell: Call Imp
   343 | D:1      | Reached skill level 3 in Fighting
   639 | D:1      | Found Vowyesot's Book Boutique.
   853 | D:2      | Reached XP level 3. HP: 31/37 MP: 8/8
  1050 | D:2      | Reached skill level 4 in Fighting
  1145 | D:2      | Found a faded altar of an unknown god.
  1205 | D:2      | You fall into a shaft and drop 2 floors!
  1268 | D:4      | Reached skill level 1 in Polearms
  1268 | D:4      | Reached XP level 4. HP: 34/49 MP: 6/9
  1641 | D:3      | Noticed Ijyb
  1676 | D:3      | Noticed an ogre
  1845 | D:3      | Learned a level 3 spell: Mephitic Cloud
  1904 | D:3      | Reached skill level 5 in Fighting
  2000 | D:3      | Reached XP level 5. HP: 57/57 MP: 10/10
  2272 | D:3      | Found a blossoming altar of Fedhas.
  2437 | D:3      | Found a bloodstained altar of Trog.
  3129 | D:4      | Reached skill level 6 in Fighting
  3129 | D:4      | Reached XP level 6. HP: 65/67 MP: 8/11
  3186 | D:4      | Found Xoqytoh's Distillery.
  3198 | D:4      | Bought a potion of curing for 33 gold pieces
  3206 | D:4      | Identified the ring of Symmetry {rPois rF+++ rC+ Int-4}
  3584 | D:4      | Reached skill level 7 in Fighting
  3584 | D:4      | Reached XP level 7. HP: 67/78 MP: 10/12
  3588 | D:4      | Identified the +2 sling "Larrenlo" {elec, rElec rCorr Dex+3
                  | Stlth+}
  4029 | D:4      | Found an iron altar of Okawaru.
  4183 | D:4      | Found a snail-covered altar of Cheibriados.
  4216 | D:5      | Entered Level 5 of the Dungeon
  4338 | D:5      | Noticed a kobold demonologist
  4528 | D:5      | Noticed a sun demon
  4532 | D:5      | Slain by a sun demon

Illustrated notes

Levels and vault maps discovered:
D:1:      roadster_arrival_rocket_small, layout_loops_ring, serial_shops,
          nicolae_shop_hallway_plus
D:2:      layout_rooms, hellmonk_ecumenical_altar_arch_garden
D:3:      minmay_evil_eye, layout_basic, mainiacjoe_overflow_boulevard,
          lemuel_round_altar, kennysheep_crisscross, kennysheep_minor_cross,
          uniq_ijyb
D:4:      layout_rooms, jmf_multi_god_temple2, serial_shops,
          nicolae_shop_gibbet_a_chance
D:5:      layout_cave_pools, nicolae_overflow_hidden_temple,
          cheibrodos_ashenzari_chains, minmay_pentangle

Skill      XL: |  1  2  3  4  5  6  7 |
---------------+----------------------+-----
Fighting       | 2 3 4 5 6 7 |  7.0
Polearms       | 1 2 3 4 |  4.8
Spellcasting   | 4 |  4.0
Dodging        | |  1.7
Stealth        | |  1.4
Conjurations   | |  0.8
Summonings     | |  0.8
Translocations | |  0.8

Action                     |  1- 3 |  4- 6 |  7- 9 || total
---------------------------+-------+-------+-------++-------
  Melee: Dagger            |    21 |       |       ||    21
         Headbutt          |    18 |    21 |    14 ||    53
         Short sword       |    62 |       |       ||    62
         Spear             |    19 |   199 |    84 ||   302
   Cast: Magic Dart        |     1 |       |       ||     1
         Call Imp          |     4 |    20 |     5 ||    29
         Blink             |       |     1 |       ||     1
         Mephitic Cloud    |       |       |     1 ||     1
  Evoke: Wand              |       |       |     2 ||     2
    Use: Potion            |       |     1 |       ||     1
         Scroll            |       |       |    11 ||    11
   Stab: Sleeping          |     1 |     1 |       ||     2
 Armour: Robe              |    69 |    99 |    63 ||   231
  Dodge: Dodged            |    56 |   133 |   114 ||   303

Table legend: (Time is in decaauts)
 A = Elapsed time spent in this place.
 B = Non-inter-level travel time spent in this place.
 C = Inter-level travel time spent in this place.
 D = Time resting spent in this place.
 E = Time spent auto-exploring this place.
 F = Levels seen in this place.
 G = Mean time per level.
                   A        B        C        D        E       F      G
               +--------+--------+--------+--------+--------+-----+--------+
         Total |   4500 |   4319 |    181 |    607 |   2274 |   5 |  900.0 |
       Dungeon |   4500 |   4319 |    181 |    607 |   2274 |   5 |  900.0 |
               +--------+--------+--------+--------+--------+-----+--------+

Top non-repeatable levels by time:
     D:3: 1529 daAuts
     D:4: 1247 daAuts
     D:1: 848 daAuts
     D:2: 657 daAuts
     D:5: 218 daAuts
